[Event "Titled Tuesday Blitz July 18 Early 2023"]
[White "Al-Tarboush, Ward"]
[Black "Uzcategui Rodriguez, Alejandro"]
[WhiteFideId "7601450"]
[BlackFideId "3903400"]
[WhiteElo "2590"]
[BlackElo "2441"]
[Result "1-0"]
[Round "5"]
[TimeControl "180+2"]
[Date "2023.07.18"]
[WhiteClock "0:01:09"]
[BlackClock "0:00:08"]
[Board "98"]

1. e4 e6 2. d4 d5 3. exd5 exd5 4. Bd3 Nc6 5. Nf3 Bd6 6. O-O Nge7 7. Re1 Bg4 8. c3 f6 9. Nbd2 Qd7 10. b4 O-O 11. Nf1 Bf5 12. Ng3 Bxd3 13. Qxd3 Bxg3 14. hxg3 Qf5 15. Qxf5 Nxf5 16. Bf4 Rac8 17. b5 Na5 18. g4 Nd6 19. Re7 Rf7 20. Rae1 Kf8 21. Rxf7+ Kxf7 22. g5 Ne4 23. gxf6 gxf6 24. Nh4 Ng5 25. Bxg5 fxg5 26. Nf5 Re8 27. Nh6+ Kf8 28. Rxe8+ Kxe8 29. Ng4 Ke7 30. Ne5 c6 31. a4 cxb5 32. axb5 a6 33. bxa6 bxa6 34. Kf1 h5 35. Ke2 Nc4 36. Nxc4 dxc4 37. Kd2 Kd6 38. Kc2 Kd5 39. f3 g4 40. fxg4 hxg4 41. g3 Ke4 42. Kb2 a5 43. Ka3 Kf3 44. d5 Kxg3 45. d6 Kh2 46. d7 g3 47. d8=Q g2 48. Qh4+ Kg1 49. Qxc4 Kf2 50. Qf4+ Ke2 51. Qg3 Kf1 52. Qf3+ 1-0


[Site "https://www.chess.com"]

[Event "Titled Tuesday Blitz July 18 Early 2023"]
[White "Vlassov, Nikolai"]
[Black "Devaev, Alexander"]
[WhiteFideId "4103360"]
[BlackFideId "4169395"]
[WhiteElo "2589"]
[BlackElo "2433"]
[Result "0-1"]
[Round "5"]
[TimeControl "180+2"]
[Date "2023.07.18"]
[WhiteClock "0:00:00"]
[BlackClock "0:00:06"]
[Board "99"]

1. e4 c6 2. d4 d5 3. e5 Bf5 4. Nc3 Qb6 5. g4 Bd7 6. f4 e6 7. Nf3 c5 8. Ne2 Nc6 9. c3 h5 10. gxh5 Rxh5 11. Ng3 Rh8 12. a3 cxd4 13. cxd4 Nh6 14. b4 Ne7 15. Be3 Bb5 16. Bxb5+ Qxb5 17. Qe2 Qxe2+ 18. Kxe2 Nhf5 19. Rhc1 Kd7 20. Bg1 Nh6 21. b5 Nef5 22. a4 Be7 23. Kd3 Rhc8 24. Ng5 Nxg3 25. hxg3 Bxg5 26. fxg5 Nf5 27. Bf2 Rxc1 28. Rxc1 Rc8 29. Rh1 Ne7 30. Rh7 Rg8 31. Be1 a6 32. Bb4 Nf5 33. g4 Ng3 34. g6 fxg6 35. Be1 Ne4 36. Rh2 axb5 37. axb5 Ra8 38. Rh7 Rg8 39. Rh2 Ke7 40. Bb4+ Kd7 41. Ke3 Rc8 42. Rh7 Rg8 43. Be1 Kc7 44. Ba5+ Kd7 45. Bb4 Ke8 46. Ba5 Kf7 0-1


[Site "https://www.chess.com"]

[Event "Titled Tuesday Blitz July 18 Early 2023"]
[White "Colas, Joshua"]
[Black "Vivas Zamora, Fabian Ernesto"]
[WhiteFideId "2044447"]
[BlackFideId "3902480"]
[WhiteElo "2586"]
[BlackElo "2429"]
[Result "1-0"]
[Round "5"]
[TimeControl "180+2"]
[Date "2023.07.18"]
[WhiteClock "0:02:40"]
[BlackClock "0:01:33"]
[Board "100"]

1. d4 Nf6 2. Nc3 d5 3. Bf4 g6 4. e3 Bg7 5. h4 h5 6. Nf3 O-O 7. Ne5 c5 8. Be2 cxd4 9. exd4 Nc6 10. Nxc6 bxc6 11. Be5 Bf5 12. O-O Ne4 13. Bxg7 Nxc3 14. bxc3 Kxg7 15. c4 e6 16. g3 Rb8 17. Rb1 Rxb1 18. Qxb1 dxc4 19. Qb2 Qd5 20. Qc3 Rd8 21. Rd1 c5 22. dxc5+ Kg8 23. Rxd5 Rxd5 24. Qxc4 Rd2 25. c6 Rxc2 26. Qxc2 Bxc2 27. c7 1-0


[Site "https://www.chess.com"]

[Event "Titled Tuesday Blitz July 18 Early 2023"]
[White "Parpiev, Isaak"]
[Black "Todorovic, Bojan"]
[WhiteFideId "34281576"]
[BlackFideId "917087"]
[WhiteElo "2586"]
[BlackElo "2426"]
[Result "0-1"]
[Round "5"]
[TimeControl "180+2"]
[Date "2023.07.18"]
[WhiteClock "0:00:00"]
[BlackClock "0:00:09"]
[Board "101"]

1. d4 g6 2. e4 Bg7 3. Nc3 d6 4. f4 a6 5. a4 Nd7 6. Nf3 e6 7. Be2 Ne7 8. Be3 b6 9. e5 Bb7 10. Bf2 O-O 11. Qd2 f6 12. exd6 cxd6 13. O-O f5 14. Rfe1 Nf6 15. Ng5 Qd7 16. Bf3 Bxf3 17. Nxf3 d5 18. Ne5 Qc7 19. Bh4 Ne4 20. Nxe4 fxe4 21. Bxe7 Qxe7 22. g3 Rac8 23. c3 g5 24. fxg5 Rf5 25. Ng4 Rxg5 26. Ne3 h5 27. Kf2 Rf8+ 28. Ke2 h4 29. gxh4 Rh5 30. Kd1 Bh6 31. Re2 Rf1+ 32. Kc2 Rxa1 33. Rg2+ Kh7 34. Qe2 Qxh4 35. Qxa6 Rg5 36. Qb7+ Rg7 37. Rxg7+ Bxg7 38. Qf7 Qg5 39. Kb3 Qxe3 40. h4 Qh6 41. h5 Qf6 42. Qe8 Rb1 43. Kc2 Kh6 0-1


[Site "https://www.chess.com"]

[Event "Titled Tuesday Blitz July 18 Early 2023"]
[White "Fonseca Manrique, Enrique"]
[Black "Goldin, Roman"]
[WhiteFideId "5114330"]
[BlackFideId "2803860"]
[WhiteElo "2584"]
[BlackElo "2426"]
[Result "0-1"]
[Round "5"]
[TimeControl "180+2"]
[Date "2023.07.18"]
[WhiteClock "0:00:14"]
[BlackClock "0:01:24"]
[Board "102"]

1. e4 Nc6 2. Nf3 e5 3. Bb5 a6 4. Ba4 Nf6 5. O-O Be7 6. d3 d6 7. c3 Bg4 8. Nbd2 Nd7 9. Re1 Nc5 10. Bc2 Ne6 11. Nf1 Bg5 12. h3 Bxf3 13. Qxf3 Bxc1 14. Raxc1 O-O 15. Ng3 g6 16. Rcd1 Ncd4 17. cxd4 Nxd4 18. Qg4 Nxc2 19. Rf1 Nd4 20. f4 exf4 21. Rxf4 Ne6 22. Rff1 Qg5 23. Qf3 Nd4 24. Qf2 c5 25. Kh2 Rae8 26. Rde1 Kg7 27. b4 b6 28. a3 h5 29. Qb2 Qe5 0-1


[Site "https://www.chess.com"]

[Event "Titled Tuesday Blitz July 18 Early 2023"]
[White "Sadykov, Ramil"]
[Black "Buchenau, Frank"]
[WhiteFideId "24113590"]
[BlackFideId "4604350"]
[WhiteElo "2583"]
[BlackElo "2420"]
[Result "1/2-1/2"]
[Round "5"]
[TimeControl "180+2"]
[Date "2023.07.18"]
[WhiteClock "0:00:06"]
[BlackClock "0:00:13"]
[Board "103"]

1. e4 e6 2. d4 d5 3. Nd2 c5 4. exd5 Qxd5 5. Ngf3 cxd4 6. Bc4 Qd6 7. O-O Nf6 8. Nb3 Nc6 9. Re1 Qc7 10. Nbxd4 Nxd4 11. Qxd4 Bc5 12. Bb5+ Bd7 13. Bxd7+ Ke7 14. Qc3 Kxd7 15. Bg5 Ke7 16. Nd4 Kf8 17. Bxf6 gxf6 18. Nxe6+ fxe6 19. Qxf6+ Kg8 20. Re4 Bf8 21. Rg4+ Bg7 22. Rd1 Rf8 23. Qxe6+ Qf7 24. Qe2 h5 25. Rg5 Re8 26. Qb5 Rh6 27. h3 Rg6 28. Rxh5 Rf8 29. Rf1 a6 30. Qd5 Qxd5 31. Rxd5 Bxb2 32. Rb1 Bg7 33. Rxb7 Rgf6 34. f3 R6f7 35. Rdd7 Rxd7 36. Rxd7 Rc8 37. Rd6 a5 38. Ra6 Bc3 39. Kf2 Bb4 40. g4 Rxc2+ 41. Ke3 Rxa2 42. h4 a4 43. h5 a3 44. h6 Rh2 45. g5 Bd2+ 46. Ke4 Bxg5 47. Kf5 Bxh6 48. Rxa3 Rg2 49. Ra7 Bf8 50. Ke4 Rg7 51. Rxg7+ Kxg7 52. Kf5 Kf7 53. f4 Be7 54. Ke5 Bf8 55. f5 Be7 56. Ke4 Bf8 57. Ke5 Be7 58. f6 Bf8 59. Kf5 Be7 60. Ke5 Bxf6+ 1/2-1/2


[Site "https://www.chess.com"]

[Event "Titled Tuesday Blitz July 18 Early 2023"]
[White "Rom, Jasper"]
[Black "Garcia Blanco, Omar"]
[WhiteFideId "2023733"]
[BlackFideId "2287153"]
[WhiteElo "2418"]
[BlackElo "2579"]
[Result "0-1"]
[Round "5"]
[TimeControl "180+2"]
[Date "2023.07.18"]
[WhiteClock "0:00:00"]
[BlackClock "0:00:10"]
[Board "104"]

1. e4 e5 2. Nf3 Nc6 3. Bb5 a6 4. Bxc6 dxc6 5. O-O Qf6 6. d4 exd4 7. Qxd4 Qxd4 8. Nxd4 Bd7 9. Be3 O-O-O 10. Nc3 c5 11. Nb3 b6 12. Rfd1 Re8 13. Bf4 Ne7 14. f3 Be6 15. a4 Ng6 16. Bg3 h5 17. h3 h4 18. Bh2 Kb7 19. a5 b5 20. Nd5 Rc8 21. Kf1 Rh5 22. Nc3 Ne5 23. Nd2 Bd6 24. Bg1 Ng6 25. Nb3 Bc4+ 26. Ke1 Nf4 27. Rd2 Rg5 28. Be3 Nxg2+ 29. Kf2 Nxe3 30. Kxe3 Rg3 31. e5 Bxe5 32. Nxc5+ Kc6 33. N3e4 f5 34. Nxg3 hxg3 35. f4 Bxb2 36. Rb1 Bc3 37. Rdd1 Kxc5 38. Kf3 Re8 39. Kxg3 Bxa5 40. Rd7 Re3+ 41. Kf2 Re2+ 42. Kf3 Rh2 43. Kg3 Rxc2 44. Rxg7 Bb6 45. Re1 a5 46. Re5+ Kb4 47. Rxf5 a4 48. Rf8 a3 49. Ra8 a2 50. h4 Bd4 51. Rxc7 a1=Q 52. Rxa1 Bxa1 53. h5 Rc3+ 54. Kg4 Rc1 55. Kf5 Bd3+ 56. Ke6 Rxc7 0-1


[Site "https://www.chess.com"]

[Event "Titled Tuesday Blitz July 18 Early 2023"]
[White "Bueno, Alfeu Junior Varela"]
[Black "Gontcharov, Vladislav"]
[WhiteFideId "2108879"]
[BlackFideId "4123492"]
[WhiteElo "2415"]
[BlackElo "2579"]
[Result "1/2-1/2"]
[Round "5"]
[TimeControl "180+2"]
[Date "2023.07.18"]
[WhiteClock "0:00:04"]
[BlackClock "0:00:03"]
[Board "105"]

1. e4 e6 2. d4 d5 3. Nd2 Be7 4. Bd3 c5 5. c3 Nc6 6. Ne2 cxd4 7. cxd4 dxe4 8. Nxe4 Nf6 9. O-O O-O 10. N4c3 b6 11. Bg5 Bb7 12. Rc1 h6 13. Bh4 Nh5 14. Bxe7 Nxe7 15. Be4 Qd7 16. Bxb7 Qxb7 17. Nb5 Nd5 18. Nec3 Nhf6 19. Qf3 Rab8 20. Nxd5 Nxd5 21. a4 Rfd8 22. Rc4 a6 23. Nc3 Nxc3 24. Qxc3 Qd5 25. h3 b5 26. axb5 axb5 27. Rb4 Rbc8 28. Qb3 Qxb3 29. Rxb3 Rd5 30. Ra1 Rc4 31. Ra8+ Kh7 32. Rb8 Rdxd4 33. R8xb5 Rc1+ 34. Kh2 Rf4 35. Kg3 Rf5 36. Rxf5 exf5 37. Rb6 g5 38. f3 Rc2 39. Kh2 f4 40. Rb5 Kg7 41. Rb6 f6 42. b4 Kg6 43. b5 Rb2 44. Rb8 h5 45. b6 Kf5 46. b7 Rb1 47. Rh8 Rxb7 48. Rxh5 Rb8 49. Rh7 Kg6 50. Rc7 Rb1 51. Rc5 f5 52. Rc6+ Kg7 53. Rc7+ Kg6 54. Rc6+ Kf7 55. Rc5 Ke6 56. Rc6+ Kf7 57. Rc7+ Kf6 58. Rc6+ Kg7 59. Rc7+ Kg6 60. Rc8 Re1 61. Rg8+ Kh6 62. Rh8+ Kg7 63. Rh5 Kg6 64. Rh8 Re5 65. Rg8+ Kh6 66. Rc8 Ra5 67. Rc6+ Kh5 68. Rc8 Ra2 69. Rh8+ Kg6 70. Rg8+ Kh6 71. Rh8+ Kg7 72. Rb8 Ra5 73. Rb7+ Kg6 74. Rb6+ Kh5 75. Rb8 Kg6 76. Rb6+ Kh5 77. Rb8 g4 78. hxg4+ fxg4 79. Rh8+ Kg5 80. Rg8+ Kf5 81. Rxg4 Ra8 82. Rh4 Ra1 83. Rh5+ Kg6 84. Rc5 Ra2 85. Kh3 Kf6 86. Rb5 Kg6 87. Rc5 Kf6 88. Rc3 Kg5 89. Rc8 Kf5 90. Rg8 Ra1 91. Kh2 Rb1 92. Rh8 Ra1 93. Rh5+ Kg6 94. Rc5 Ra2 95. Kh3 1/2-1/2


[Site "https://www.chess.com"]

[Event "Titled Tuesday Blitz July 18 Early 2023"]
[White "Garsky, Vladyslav"]
[Black "The_Sherman_Variation"]
[WhiteFideId "34100270"]
[WhiteElo "2413"]
[BlackElo "2577"]
[Result "1-0"]
[Round "5"]
[TimeControl "180+2"]
[Date "2023.07.18"]
[WhiteClock "0:01:10"]
[BlackClock "0:01:07"]
[Board "106"]

1. e4 e5 2. Nf3 Nc6 3. c3 Nf6 4. d4 exd4 5. e5 Nd5 6. cxd4 Bb4+ 7. Bd2 Bxd2+ 8. Qxd2 O-O 9. Bc4 Nb6 10. Bb3 d6 11. exd6 Re8+ 12. Kf1 Qxd6 13. Nc3 Be6 14. d5 Rad8 15. dxe6 fxe6 16. Qxd6 Rxd6 17. Ke2 Nd5 18. Nxd5 exd5+ 19. Kd2 Red8 20. Rhe1 Rg6 21. g3 Na5 22. Ne5 Rb6 23. Re3 c5 24. Rd3 Rbd6 25. Bc2 Re6 26. f4 Kf8 27. b3 d4 28. Re1 Ra6 29. Rf3 b5 30. Bxh7 Nb7 31. Ng6+ Kf7 32. Re7+ Kf6 33. Rxb7 Rxa2+ 34. Kd1 Ra1+ 35. Kc2 Re8 36. Ne5 Rc8 37. Rf7+ Ke6 38. Bf5+ Kd5 39. Rd7# 1-0


[Site "https://www.chess.com"]

[Event "Titled Tuesday Blitz July 18 Early 2023"]
[White "Harriott, Tyrell"]
[Black "Aggelis, Nikolaos"]
[WhiteFideId "2086484"]
[BlackFideId "4213220"]
[WhiteElo "2411"]
[BlackElo "2575"]
[Result "0-1"]
[Round "5"]
[TimeControl "180+2"]
[Date "2023.07.18"]
[WhiteClock "0:00:03"]
[BlackClock "0:00:16"]
[Board "107"]

1. d4 f5 2. e3 Nf6 3. Bd3 g6 4. f4 Bg7 5. Nf3 O-O 6. O-O b6 7. Nbd2 Bb7 8. Qe2 Ne4 9. Bxe4 fxe4 10. Ng5 c5 11. c3 cxd4 12. exd4 d5 13. Ne6 Qc8 14. Nxf8 Qxf8 15. Qg4 Qf5 16. Qxf5 gxf5 17. Re1 Nc6 18. Nf1 e6 19. Ne3 Ba6 20. Bd2 Kf7 21. b3 Bd3 22. Rac1 Bf8 23. h3 Ba3 24. Rcd1 Rg8 25. Kh2 Be7 26. Rg1 Bd6 27. Nf1 h5 28. g3 b5 29. b4 a5 30. a3 Ra8 31. Rg2 axb4 32. axb4 Ra2 33. Be1 Ra3 34. Ne3 h4 35. Rc1 Ne7 36. Nc2 Ra2 37. Ne3 Ra8 38. Nd1 Ng6 39. Bd2 Ra2 40. Be1 hxg3+ 41. Bxg3 Rxg2+ 42. Kxg2 Nxf4+ 43. Kh2 Ne2 44. Ra1 Bxg3+ 45. Kg2 Bh4 46. Ra7+ Kf6 47. Ne3 Bg5 48. Nf1 f4 49. Ra8 f3+ 50. Kf2 Bh4+ 51. Ke3 Nxc3 52. Rf8+ Ke7 53. Rg8 Nd1+ 54. Kd2 Bxf1 55. Kxd1 e3 56. Rg7+ Kf6 57. Rg8 e2+ 58. Kc2 e1=Q 59. Rf8+ Ke7 60. Rh8 Qe2+ 61. Kb3 Qc4+ 62. Kb2 Bf6 63. Rh7+ Kd6 64. h4 Bxd4+ 65. Ka3 Qc3+ 0-1


[Site "https://www.chess.com"]

[Event "Titled Tuesday Blitz July 18 Early 2023"]
[White "KorolDimitriy75"]
[Black "Bodnaruk, Anastasia"]
[BlackFideId "4181751"]
[WhiteElo "2410"]
[BlackElo "2575"]
[Result "0-1"]
[Round "5"]
[TimeControl "180+2"]
[Date "2023.07.18"]
[WhiteClock "0:00:01"]
[BlackClock "0:01:01"]
[Board "108"]

1. d4 Nf6 2. c4 g6 3. Nc3 Bg7 4. e4 d6 5. Nf3 O-O 6. Be2 e5 7. dxe5 dxe5 8. Qxd8 Rxd8 9. Bg5 Nbd7 10. O-O-O Rf8 11. Ne1 c6 12. f3 Re8 13. Nc2 Nc5 14. Rd2 Ne6 15. Be3 c5 16. Nd5 Nxd5 17. cxd5 Nd4 18. Kb1 Bd7 19. Rc1 b5 20. Bf1 Rac8 21. Rdd1 f5 22. Nxd4 exd4 23. Bg5 fxe4 24. fxe4 Rxe4 25. d6 c4 26. Be7 d3 27. g3 Bf8 28. Bg2 Re2 29. Bd5+ Kg7 30. Rf1 Bxe7 31. Rf7+ Kh6 32. dxe7 Re8 33. g4 R8xe7 34. g5+ Kxg5 35. Rg1+ Kh6 36. Rf4 Re1+ 0-1


[Site "https://www.chess.com"]

[Event "Titled Tuesday Blitz July 18 Early 2023"]
[White "Melikhov, Evgeny V."]
[Black "Chor, Kevin"]
[WhiteFideId "4122046"]
[BlackFideId "2090740"]
[WhiteElo "2409"]
[BlackElo "2566"]
[Result "1-0"]
[Round "5"]
[TimeControl "180+2"]
[Date "2023.07.18"]
[WhiteClock "0:01:54"]
[BlackClock "0:01:10"]
[Board "109"]

1. d4 Nf6 2. c4 g6 3. Nc3 Bg7 4. e4 d6 5. f3 O-O 6. Be3 Na6 7. Bd3 c5 8. Nge2 cxd4 9. Nxd4 Nc5 10. Be2 a5 11. O-O Bd7 12. Qd2 Qc7 13. Rfc1 e6 14. Ndb5 Bxb5 15. Nxb5 Qc8 16. Qxd6 Na4 17. Qa3 1-0


[Site "https://www.chess.com"]

[Event "Titled Tuesday Blitz July 18 Early 2023"]
[White "Sargsyan, Anna M."]
[Black "luksona14"]
[WhiteFideId "13308130"]
[WhiteElo "2566"]
[BlackElo "2408"]
[Result "1-0"]
[Round "5"]
[TimeControl "180+2"]
[Date "2023.07.18"]
[WhiteClock "0:01:00"]
[BlackClock "0:00:11"]
[Board "110"]

1. d4 Nf6 2. c4 e6 3. Nf3 b6 4. g3 Bb7 5. Bg2 Be7 6. O-O O-O 7. Nc3 Ne4 8. Nxe4 Bxe4 9. Bf4 d6 10. Rc1 Nd7 11. Re1 Bf6 12. Bh3 Bb7 13. e4 g6 14. Bg2 Qe7 15. Qd2 Bg7 16. b3 Rad8 17. Bg5 Bf6 18. Bh6 Rfe8 19. h4 e5 20. dxe5 dxe5 21. Nh2 Nc5 22. Qe3 Nd3 23. Ng4 Nxe1 24. Rxe1 Bg7 25. h5 Bc8 26. Bxg7 Kxg7 27. Qh6+ Kg8 28. Ne3 Qf8 29. Qg5 f6 30. Qh4 g5 31. Qh2 h6 32. Bh3 Rd2 33. Bxc8 Rxc8 34. Nf5 Kh7 35. Qh3 Rcd8 36. Qg4 Qf7 37. Ne3 Qd7 38. Qf3 Qe6 39. Nd5 Kg7 40. Nxc7 Qf7 41. Nd5 Rxa2 42. Rd1 Rf8 43. Ne3 b5 44. Rd6 bxc4 45. bxc4 Ra1+ 46. Kg2 Rc1 47. Qf5 Qxh5 48. Rd7+ Rf7 49. Rxf7+ Qxf7 50. Qc8 a5 51. Nf5+ Kh7 52. Nd6 Qe7 53. c5 a4 54. Nf5 Qf7 55. Nd6 Qe7 56. Qf5+ Kg7 57. Qh3 Kg6 58. Qc8 Kg7 59. Nf5+ Kf7 60. Nxe7 Kxe7 61. Qb7+ Kf8 62. Qa8+ Ke7 63. Qxa4 Rxc5 64. Qa7+ Kd6 65. Qg7 Ke6 66. Qxh6 Rc7 67. Qf8 Re7 68. Qc8+ Rd7 69. Kh3 Ke7 70. Kg4 Ke6 71. f3 Kd6 72. Kf5 Rc7 73. Qxc7+ Kxc7 74. Kxf6 Kd6 75. Kxg5 Ke6 76. Kg6 1-0


[Site "https://www.chess.com"]

[Event "Titled Tuesday Blitz July 18 Early 2023"]
[White "Manukian, Artak"]
[Black "Ganiev, Roman"]
[WhiteFideId "13301373"]
[BlackFideId "4131452"]
[WhiteElo "2407"]
[BlackElo "2564"]
[Result "1-0"]
[Round "5"]
[TimeControl "180+2"]
[Date "2023.07.18"]
[WhiteClock "0:00:20"]
[BlackClock "0:00:00"]
[Board "111"]

1. e4 c5 2. Nf3 d6 3. Bb5+ Bd7 4. Bxd7+ Qxd7 5. c4 g6 6. Nc3 Bg7 7. d4 cxd4 8. Nxd4 Nf6 9. f3 Nc6 10. Be3 O-O 11. b3 a6 12. a4 Rac8 13. O-O h5 14. Qd2 Ne5 15. Rac1 h4 16. h3 Nh5 17. Rfd1 Kh7 18. Qf2 Ng3 19. Nde2 Nxe2+ 20. Nxe2 Bf6 21. Nc3 Qc6 22. Nd5 g5 23. Nxf6+ exf6 24. Rd4 Rfd8 25. Rcd1 b5 26. cxb5 axb5 27. a5 Qa6 28. b4 Rc4 29. f4 Rxd4 30. Bxd4 gxf4 31. Qxh4+ 1-0


[Site "https://www.chess.com"]

[Event "Titled Tuesday Blitz July 18 Early 2023"]
[White "Bazilius, Augustinas"]
[Black "Mekhane, Adam"]
[WhiteFideId "12832251"]
[BlackFideId "36050601"]
[WhiteElo "2405"]
[BlackElo "2563"]
[Result "1-0"]
[Round "5"]
[TimeControl "180+2"]
[Date "2023.07.18"]
[WhiteClock "0:00:17"]
[BlackClock "0:00:03"]
[Board "112"]

1. d4 Nf6 2. c4 g6 3. Nf3 Bg7 4. g3 O-O 5. Bg2 d5 6. O-O dxc4 7. Ne5 c5 8. dxc5 Qc7 9. Nxc4 Qxc5 10. Nba3 Nc6 11. Be3 Qh5 12. Qa4 Ng4 13. h3 Nxe3 14. Nxe3 Bxh3 15. Bf3 Qg5 16. Rfd1 Be5 17. Nac4 Bxg3 18. fxg3 Ne5 19. Nxe5 Qxg3+ 20. Kh1 Qxe5 21. Qd4 Qe6 22. Nd5 Rad8 23. Qb4 Rfe8 24. Nc7 Qe3 25. Nxe8 Rxe8 26. Qd2 Qf2 27. Qd4 Qg3 28. Rg1 Qc7 29. Rac1 Qa5 30. Qh4 Be6 31. Bxb7 Qxa2 32. Qd4 Rb8 33. Ra1 Qb3 34. Bf3 Rb5 35. Kg2 Rg5+ 36. Kf2 Rxg1 37. Rxg1 a5 38. Ra1 Qb8 39. Kg2 f6 40. Rxa5 Kf7 41. Ra7 Qb3 42. Qd6 Kg8 43. Qxe7 Bf7 44. Qxf7+ Qxf7 45. Rxf7 Kxf7 46. b4 Ke6 47. b5 Kd6 48. b6 f5 49. b7 Kc7 50. Kg3 g5 51. Bg2 h5 52. Bd5 h4+ 53. Kh3 Kb8 54. Be6 f4 55. Bd5 Kc7 56. Bf3 Kb8 57. Kg4 Kc7 58. Kxg5 h3 59. Kh4 h2 60. Kh3 Kb8 61. Kxh2 Kc7 62. Kh3 Kb8 63. Kg4 Kc7 64. Kxf4 Kb8 65. Kf5 1-0


[Site "https://www.chess.com"]

[Event "Titled Tuesday Blitz July 18 Early 2023"]
[White "NovoselovRoman"]
[Black "Silva Lucena, Cristian"]
[BlackFideId "2232588"]
[WhiteElo "2557"]
[BlackElo "2404"]
[Result "1-0"]
[Round "5"]
[TimeControl "180+2"]
[Date "2023.07.18"]
[WhiteClock "0:00:04"]
[BlackClock "0:00:00"]
[Board "113"]

1. e4 e5 2. Nf3 Nc6 3. Bc4 Bc5 4. d3 Nf6 5. Nc3 h6 6. Be3 Bb6 7. Nd5 Bxe3 8. fxe3 O-O 9. Qe2 d6 10. Rf1 Nxd5 11. Bxd5 Ne7 12. Bb3 Be6 13. Nh4 a5 14. Kd2 Qd7 15. h3 Qb5 16. Nf5 Nxf5 17. exf5 Bxb3 18. axb3 f6 19. Ra4 Qc5 20. Rc4 Qb6 21. g4 d5 22. Ra4 Qc5 23. Rfa1 b5 24. R4a2 Qb4+ 25. Kc1 a4 26. c3 Qxb3 27. Ra3 c5 28. Rxb3 axb3 29. Rxa8 Rxa8 30. Kb1 Kf8 31. Qf3 Rd8 32. Kc1 Kf7 33. Kd2 Ke7 34. h4 Kd6 35. Qd1 c4 36. g5 hxg5 37. hxg5 Ra8 38. Qg1 Ra2 39. Qb1 Ra8 40. gxf6 gxf6 41. d4 Rh8 42. Qg1 Rh3 43. Qg7 Rh2+ 44. Ke1 Rxb2 45. Qxf6+ Kc7 46. Qe7+ Kc6 47. f6 Rc2 48. Kd1 Rf2 49. f7 b2 50. Qc5+ Kd7 51. Qxb5+ Ke7 52. Ke1 Rh2 53. Qc5+ Kxf7 54. Qxd5+ 1-0


[Site "https://www.chess.com"]

[Event "Titled Tuesday Blitz July 18 Early 2023"]
[White "Omariev, Maksim"]
[Black "Zhang, Eric"]
[WhiteFideId "4193423"]
[BlackFideId "30907667"]
[WhiteElo "2380"]
[BlackElo "2557"]
[Result "0-1"]
[Round "5"]
[TimeControl "180+2"]
[Date "2023.07.18"]
[WhiteClock "0:00:00"]
[BlackClock "0:00:13"]
[Board "114"]

1. e4 c5 2. Nf3 d6 3. d4 cxd4 4. Nxd4 Nf6 5. Nc3 a6 6. h3 e6 7. g4 b5 8. Bg2 Bb7 9. g5 Nfd7 10. h4 Qc7 11. Rh3 Nc6 12. b3 Be7 13. Bb2 Rc8 14. Nce2 O-O 15. Qd2 Nxd4 16. Nxd4 Nc5 17. Re3 Rfd8 18. O-O-O d5 19. e5 Ne4 20. Qe2 Qa5 21. Bxe4 dxe4 22. Kb1 Bc5 23. Rh3 Qb6 24. c3 b4 25. Nc2 bxc3 26. Rxc3 Bxf2 27. Rxc8 Rxc8 28. Na3 Bd5 29. h5 Qe3 30. Qf1 Qf3 31. h6 g6 32. Rc1 Re8 33. Qxa6 e3 0-1


[Site "https://www.chess.com"]

[Event "Titled Tuesday Blitz July 18 Early 2023"]
[White "Wernberg, Hugo"]
[Black "Siniauski, Artsiom"]
[WhiteFideId "1737511"]
[BlackFideId "13512269"]
[WhiteElo "2371"]
[BlackElo "2555"]
[Result "0-1"]
[Round "5"]
[TimeControl "180+2"]
[Date "2023.07.18"]
[WhiteClock "0:00:00"]
[BlackClock "0:01:13"]
[Board "115"]

1. d4 Nf6 2. c4 e6 3. Nf3 b6 4. g3 Ba6 5. Nbd2 Bb4 6. Bg2 Bxc4 7. O-O Bd5 8. e4 Nxe4 9. Nxe4 Bxe4 10. Ne5 Bxg2 11. Kxg2 O-O 12. Qf3 d5 13. Bf4 Bd6 14. Rac1 c5 15. dxc5 bxc5 16. Qg4 Qc7 17. Nd3 c4 18. b3 Bxf4 19. Nxf4 Nd7 20. bxc4 dxc4 21. Nh5 g6 0-1


[Site "https://www.chess.com"]

[Event "Titled Tuesday Blitz July 18 Early 2023"]
[White "Senft, Sean"]
[Black "Mamedov, Edgar"]
[WhiteFideId "2044960"]
[BlackFideId "13739980"]
[WhiteElo "2370"]
[BlackElo "2554"]
[Result "0-1"]
[Round "5"]
[TimeControl "180+2"]
[Date "2023.07.18"]
[WhiteClock "0:01:42"]
[BlackClock "0:00:47"]
[Board "116"]

1. d4 d5 2. c4 e6 3. Nc3 Nf6 4. cxd5 exd5 5. Bg5 c6 6. e3 Bd6 7. Bd3 O-O 8. Qc2 h6 9. Bh4 Re8 10. Nf3 Be6 11. O-O Nbd7 12. Rab1 a5 13. a3 Qc7 14. Rfc1 Qb8 15. Na4 Bg4 16. Nd2 Bxh2+ 17. Kf1 g5 18. f3 gxh4 19. fxg4 Nxg4 20. Bh7+ Kg7 21. Qd3 Nxe3+ 22. Ke2 Qg3 23. Rg1 Nf5+ 24. Ne4 Rxe4+ 25. Kd2 Rxd4 26. Bxf5 Rxd3+ 0-1


[Site "https://www.chess.com"]

[Event "Titled Tuesday Blitz July 18 Early 2023"]
[White "Portela Peleteiro, Alberto"]
[Black "Alahakoon, Isuru"]
[WhiteFideId "22276106"]
[BlackFideId "9900993"]
[WhiteElo "2551"]
[BlackElo "2364"]
[Result "1-0"]
[Round "5"]
[TimeControl "180+2"]
[Date "2023.07.18"]
[WhiteClock "0:01:15"]
[BlackClock "0:00:00"]
[Board "117"]

1. e4 d5 2. exd5 Qxd5 3. Nc3 Qa5 4. Bc4 Nf6 5. d3 Bg4 6. f3 Bh5 7. Qe2 Nc6 8. g4 Bg6 9. f4 O-O-O 10. f5 Nd4 11. Qg2 Qe5+ 12. Ne4 Nxg4 13. fxg6 f5 14. c3 Nc6 15. Nf3 Qa5 16. b4 Qa4 17. Be6+ Kb8 18. Bxf5 Nge5 19. Nxe5 Nxe5 20. Nc5 Qb5 21. a4 Qb6 22. d4 hxg6 23. dxe5 gxf5 24. Be3 e6 25. Nd7+ 1-0


[Site "https://www.chess.com"]

[Event "Titled Tuesday Blitz July 18 Early 2023"]
[White "Makkar, Rajat"]
[Black "Sovetbekova, Nurai"]
[WhiteFideId "36016810"]
[BlackFideId "13801910"]
[WhiteElo "2551"]
[BlackElo "2363"]
[Result "1-0"]
[Round "5"]
[TimeControl "180+2"]
[Date "2023.07.18"]
[WhiteClock "0:01:06"]
[BlackClock "0:00:54"]
[Board "118"]

1. d4 Nf6 2. c4 e6 3. Nf3 d5 4. Nc3 dxc4 5. e4 Bb4 6. Bxc4 Nxe4 7. O-O Bxc3 8. bxc3 O-O 9. Qc2 Nf6 10. Bg5 b6 11. Ne5 Bb7 12. Rae1 c5 13. dxc5 bxc5 14. Re3 Nc6 15. Rd1 Qc8 16. Bxf6 gxf6 17. Nxf7 Rxf7 18. Bxe6 Qf8 19. Rd7 Nd8 20. Bxf7+ Nxf7 21. Rxb7 Re8 22. Qb3 Rxe3 23. fxe3 Qe8 24. Rb8 1-0


[Site "https://www.chess.com"]

[Event "Titled Tuesday Blitz July 18 Early 2023"]
[White "ExchangeAB"]
[Black "Garv Gaur"]
[BlackFideId "45030839"]
[WhiteElo "2339"]
[BlackElo "2549"]
[Result "0-1"]
[Round "5"]
[TimeControl "180+2"]
[Date "2023.07.18"]
[WhiteClock "0:00:06"]
[BlackClock "0:00:06"]
[Board "119"]

1. d4 Nf6 2. Nc3 d5 3. Bf4 c5 4. e3 cxd4 5. exd4 a6 6. Nf3 Nc6 7. Ne5 Bd7 8. Be2 e6 9. O-O Qb6 10. Nxc6 Bxc6 11. Rb1 Be7 12. Re1 O-O 13. Bd3 Rac8 14. Ne2 Bb5 15. c3 Bxd3 16. Qxd3 Qa5 17. a3 b5 18. Kf1 Rc6 19. Ng1 Ne4 20. Nf3 Rfc8 21. Ne5 R6c7 22. f3 Nd6 23. Ng4 Rb7 24. Bxd6 Bxd6 25. Ne5 Qd8 26. Ra1 a5 27. Rec1 Qc7 28. Ng4 h5 29. Nf2 Bxh2 30. Qe2 Bf4 31. Rcb1 g6 32. Nd3 Bd6 33. Rc1 Qe7 34. b4 Rc4 35. Nc5 Bxc5 36. bxc5 Qc7 37. Kf2 Rb8 38. Rab1 Qc6 39. Qe5 Rb7 40. g4 hxg4 41. fxg4 f6 42. Qe3 b4 43. axb4 axb4 44. cxb4 Rbxb4 45. Rxb4 Rxb4 46. Qh6 Rb2+ 47. Ke3 Rb3+ 48. Kf2 Rb2+ 49. Ke3 Rb3+ 50. Kd2 Qa4 51. Qxg6+ Kf8 52. Qxf6+ Ke8 53. Qxe6+ Kd8 54. Qxd5+ Kc8 55. Qe6+ Kb8 56. Qd6+ Ka8 57. Qd5+ Ka7 58. Qc4 Rb2+ 59. Kd3 Qa3+ 60. Ke4 Qg3 61. Kd5 Qxg4 62. Ra1+ Kb8 63. Kd6 Qg7 64. Qe6 Qf8+ 65. Qe7 Qf4+ 66. Qe5 Qf8+ 67. Kd5+ Kc8 68. Qe6+ Kc7 69. Qd6+ Qxd6+ 70. cxd6+ Kd7 71. Ra7+ Kd8 72. Ke6 Re2+ 73. Kd5 Rh2 74. Kc5 Rc2+ 75. Kd5 Rh2 76. Rh7 Rxh7 77. Kc6 Rh4 0-1


[Site "https://www.chess.com"]